 Dungeon Crawl Stone Soup version 0.19.5 (webtiles) character file.

2221 Scud the Covert (level 9, 0/42 HPs)
             Began as a Felid Monk on Mar 17, 2017.
             Was a Believer of Dithmenos.
             Slain by an orc warrior
             ... wielding a +0 mace
              (17 damage)
             ... on level 8 of the Dungeon.
             The game lasted 00:37:01 (10301 turns).

Scud the Covert (Felid Monk)                       Turns: 10301, Time: 00:37:02

Health: 0/42       AC:  2    Str:  4 (7)  XL:     9   Next: 13%
Magic:  10/10      EV: 26    Int:  9 (12) God:    Dithmenos [**....]
Gold:   419        SH:  0    Dex: 21      Spells: 0 memorised, 8 levels left
                                        Lives:  0   Deaths: 2

rFire  . . .     SeeInvis +       - Unarmed
rCold  . . .     Gourm    .     (armour unavailable)
rNeg   . . .     Faith    .     (shield unavailable)
rPois  +         Spirit   .     (helmet unavailable)
rElec  .         Reflect  .     (cloak unavailable)
rCorr  .         Harm     .     (gloves unavailable)
MR     +....                    (boots unavailable)
Stlth  +++++++++.               (no amulet)
                                d - ring of stealth
                                f - ring of poison resistance

@: wreathed by umbra, quick
A: no armour, no weapons or thrown items, stealth, claws 1, fangs 3, see
invisible, carnivore 3, speed 1, shaggy fur 2, slow metabolism 1, sharp paws
a: Shadow Step, Renounce Religion


You were on level 8 of the Dungeon.
You worshipped Dithmenos.
Dithmenos was pleased with you.
You were not hungry.

You visited 1 branch of the dungeon, and saw 8 of its levels.

You collected 419 gold pieces.

Inventory:

Jewellery
 b - a +3 ring of intelligence
 d - a ring of stealth (right paw)
 f - a ring of poison resistance (left paw)
 g - an uncursed ring of protection from fire
Wands
 n - a wand of acid (3/15)
 v - a wand of iceblast (6/15)
Scrolls
 i - 4 scrolls of teleportation
 k - a scroll of recharging
 q - a scroll of blinking
 r - 9 scrolls of identify
 t - a scroll of remove curse
 u - a scroll of enchant weapon
 w - 2 scrolls of amnesia
Potions
 c - 2 potions of brilliance
 e - a potion of curing
 h - 2 potions of cure mutation
 j - a potion of agility
Books
 p - a book of Cantrips

   Spells                             Type                      Level
   a - Confusing Touch                Hexes                        1
   b - Animate Skeleton               Necromancy                   1
   c - Summon Small Mammal            Summoning                    1
   d - Apportation                    Translocation                1
Comestibles
 a - 3 meat rations
 m - 2 beef jerkies
 s - 2 royal jellies


   Skills:
 + Level 6.4 Fighting
 + Level 9.2 Dodging
 + Level 13.8 Stealth
 + Level 9.7 Unarmed Combat


You had 8 spell levels left.
You didn't know any spells.

Dungeon Overview and Level Annotations

Branches:
Dungeon (8/15)             Temple (0/1) D:6
   Lair: D:8-11

Altars:
Ashenzari
Cheibriados
Dithmenos
Elyvilon
Kikubaaqudgha
Makhleb
Nemelex Xobeh
Trog
Xom
Yredelemnul

Annotations:
D:4 Lizzreth's ghost, amateur DsAs


Innate Abilities, Weirdness & Mutations

You cannot wear armour.
You are incapable of wielding weapons or throwing items.
Your paws allow you to move quietly. (Stealth)
You have sharp claws.
You have razor-sharp teeth.
You have supernaturally acute eyesight. (SInv)
You are carnivorous and can eat meat at any time.
You cover ground quickly.
You are covered in thick fur. (AC +2)
You have a slow metabolism.
Your sharp claws are effective at attacking unaware monsters.


Message History

You scratch the orc warrior. Your bite misses the orc warrior.
The orc warrior is lightly wounded.
You completely miss the orc warrior.
The orc warrior is lightly wounded.
The orc warrior misses you.
You barely miss the orc warrior.
The orc warrior is lightly wounded.
The orc warrior completely misses you.
You barely miss the orc warrior. Your claw misses the orc warrior.
The orc warrior is lightly wounded.
The orc warrior hits you with a mace!
You barely miss the orc warrior.
The orc warrior is lightly wounded.
You scratch the orc warrior.
The orc warrior is moderately wounded.
The orc warrior misses you.
You scratch the orc warrior.
The orc warrior is moderately wounded.
The orc warrior hits you with a mace!
You die...

###.##..# ####...#...
#.._....######....#####.
..#.#..........##...#...
#.##...##########.#.##
#.......# #...##
######...## ##.###
........## #.# #
#######.# #.# # #@# #.#
#o# ... #.o5# #.#
#.....# ... #.......#
#..?......# +.........+
#...$.....# ##...?...##


You could see an orc warrior, an orc wizard and a crimson imp.

Vanquished Creatures
  The ghost of Scud the Covert, a novice OpAs of Dithmenos (D:6)
  A black bear (D:8)
  An ice beast (D:5)
  A necrophage (D:8)
  A phantom (D:6)
  3 ogres
  2 centaurs
  2 big kobolds
  A wyvern zombie (D:7)
  A bullfrog (D:6)
  A crimson imp (D:5)
  A bullfrog zombie (D:6)
  2 quasits
  The ghost of Scud the Ducker, a weakling FeMo (D:3)
  2 centaur skeletons (D:4)
  A hound (D:6)
  A jelly (D:6)
  4 orc priests
  5 orc wizards
  2 worker ants
  An iguana (D:4)
  3 hound skeletons
  3 gnolls (D:4)
  A howler monkey skeleton (D:4)
  12 adders
  A shadow imp (D:6)
  2 oozes
  A worm (D:3)
  2 dart slugs
  7 leopard geckos
  45 orcs
  2 ball pythons
  8 bats
  6 giant cockroaches
  8 goblins
  9 hobgoblins
  3 jackals (D:1)
  19 kobolds
  2 quokkas (D:2)
  8 frilled lizards
  A goblin zombie (D:2)
  A jackal skeleton (D:2)
  A jackal zombie (D:2)
  2 leopard gecko skeletons
  4 rats
186 creatures vanquished.

Vanquished Creatures (others)
  2 plants (D:5)
2 creatures vanquished.

Grand Total: 188 creatures vanquished

Notes
Turn   | Place    | Note
-------+----------+-------------------------------------------
     0 | D:1      | Scud the Felid Monk began the quest for the Orb.
     0 | D:1      | Reached XP level 1. HP: 10/10 MP: 2/2
    83 | D:1      | Reached XP level 2. HP: 13/14 MP: 3/3
   577 | D:1      | Reached XP level 3. HP: 17/17 MP: 4/4
   702 | D:1      | Reached skill level 3 in Stealth
  1385 | D:2      | Found a runed door.
  1385 | D:2      | Noticed a human
  1395 | D:2      | Reached skill level 5 in Dodging
  1771 | D:2      | Reached skill level 4 in Stealth
  1771 | D:2      | Reached XP level 4. HP: 21/21 MP: 5/5
  1789 | D:2      | Found a basalt altar of Yredelemnul.
  2431 | D:3      | Found a glowing drain.
  2544 | D:3      | Noticed Scud's ghost (weakling FeMo)
  3023 | D:3      | Killed Scud's ghost
  3023 | D:3      | Reached skill level 5 in Stealth
  3023 | D:3      | Reached XP level 5. HP: 19/24 MP: 6/6
  3616 | D:3      | Found a burning altar of Makhleb.
  3616 | D:3      | Found a sparkling altar of Nemelex Xobeh.
  4388 | D:4      | Reached skill level 6 in Stealth
  4421 | D:4      | Gained mutation: You are covered in thick fur. (AC +2) [Felid growth]
  4421 | D:4      | Reached XP level 6. HP: 28/28 MP: 7/7
  4968 | D:4      | Noticed Lizzreth's ghost (amateur DsAs)
  5180 | D:4      | Reached skill level 7 in Stealth
  5620 | D:4      | Reached skill level 5 in Unarmed Combat
  5839 | D:4      | HP: 1/28 [gnoll (5)]
  6286 | D:4      | Reached XP level 7. HP: 20/31 MP: 8/8
  6877 | D:5      | Entered Level 5 of the Dungeon
  6973 | D:5      | Reached skill level 8 in Stealth
  7750 | D:5      | Shot with an arrow by a centaur
  7751 | D:5      | Reached XP level 6. HP: -1/28 MP: 7/7
  7789 | D:5      | Reached XP level 7. HP: 26/31 MP: 8/8
  7881 | D:5      | HP: 1/31 [orc priest/nerve-wracking pain (5)]
  7887 | D:5      | Killed from afar by an orc priest
  7888 | D:5      | Reached XP level 6. HP: -11/28 MP: 7/7
  8142 | D:5      | Noticed an ice beast
  8147 | D:5      | Killed an ice beast
  8318 | D:5      | Reached skill level 9 in Stealth
  8494 | D:5      | Reached XP level 7. HP: 17/31 MP: 8/8
  8737 | D:5      | Reached skill level 13 in Stealth
  8737 | D:5      | Reached XP level 8. HP: 39/39 MP: 9/9
  8960 | D:6      | Noticed Scud's ghost (novice OpAs)
  8980 | D:6      | Killed Scud's ghost
  9002 | D:6      | Found a shattered altar of Ashenzari.
  9231 | D:6      | Found a sand-covered staircase.
  9430 | D:6      | Found a staircase to the Ecumenical Temple.
  9430 | D:6      | Found a basalt altar of Yredelemnul.
  9430 | D:6      | Found a basalt altar of Yredelemnul.
  9431 | D:6      | Found a snail-covered altar of Cheibriados.
  9431 | D:6      | Found a sparkling altar of Nemelex Xobeh.
  9434 | D:6      | Found a bloodstained altar of Trog.
  9437 | D:6      | Found a shadowy altar of Dithmenos.
  9450 | D:6      | Found a bloodstained altar of Trog.
  9455 | D:6      | Found a bloodstained altar of Trog.
  9456 | D:6      | Found a shimmering altar of Xom.
  9459 | D:6      | Found an ancient bone altar of Kikubaaqudgha.
  9459 | D:6      | Found a white marble altar of Elyvilon.
  9462 | D:6      | Became a worshipper of Dithmenos the Shadowed
  9462 | D:6      | Reached * piety under Dithmenos
  9462 | D:6      | Reached ** piety under Dithmenos
  9791 | D:7      | Reached XP level 9. HP: 21/42 MP: 10/10
 10270 | D:8      | Found a shadowy altar of Dithmenos.
 10301 | D:8      | Slain by an orc warrior

Skill      XL: |  1  2  3  4  5  6  7  8 |
---------------+-------------------------+-----
Stealth        | 4 5 6 9 13 | 13.8
Dodging        | 5 6 9 |  9.2
Unarmed Combat | 4 7 8 9 |  9.7
Fighting       | 6 |  6.4

Action                   |  1- 3 |  4- 6 |  7- 9 || total
-------------------------+-------+-------+-------++-------
Melee: Unarmed           |    91 |   296 |   222 ||   609
       Bite              |    11 |    24 |    15 ||    50
       Punch             |       |    10 |     6 ||    16
  Use: Scroll            |     5 |       |     6 ||    11
       Potion            |       |       |    11 ||    11
 Stab: Sleeping          |     8 |    25 |    12 ||    45
       Distracted        |       |       |     2 ||     2
  Eat: Chunk             |     2 |     7 |     6 ||    15
       Royal jelly       |       |       |     1 ||     1
Armor: Skin              |     4 |    10 |    10 ||    24
Dodge: Dodged            |    66 |   200 |   183 ||   449
